 Dungeon Crawl Stone Soup version 0.29-a0-887-gcbe080d7e0 (webtiles) character file.

Game seed: 8561662870701050932

1230 snetch the Magician (level 8, -7/52 HPs)
             Began as a Djinni Fire Elementalist on July 21, 2022.
             Was a Priest of Nemelex Xobeh.
             Mangled by Duvessa
             ... wielding a +0 short sword
              (18 damage)
             ... on level 5 of the Dungeon.
             The game lasted 00:15:43 (4668 turns).

snetch the Magician (Djinni Fire Elementalist)      Turns: 4668, Time: 00:15:45

Health: -7/52      AC:  5    Str:  7    XL:     8   Next: 77%
Gold:   253        EV: 12    Int: 19    God:    Nemelex Xobeh [***...] SH:  0 Dex: 14

rFire   + + .      SeeInvis .   a - +2 dagger (protect)
rCold   x . .      Faith    .   (no shield)
rNeg    . . .      Spirit   .   o - +0 leather armour
rPois   ∞          Reflect  .   D - +0 helmet
rElec   .          Harm     .   (no cloak)
rCorr   .          Rampage  .   m - +0 pair of gloves
Will    .....                   (boots unavailable)
Stlth   ++........              (no amulet)
HPRegen 0.17/turn               (no ring)
MPRegen 0.00/turn               (no ring)

@: flying
A: sickness immunity, fire resistance 2, cold vulnerability 1, float, innate
caster, HP casting, extra vitality 1
a: Renounce Religion, Draw Escape, Draw Destruction, Draw Summoning, Triple Draw


You were on level 5 of the Dungeon.
You worshipped Nemelex Xobeh.
Nemelex Xobeh was most pleased with you.
You visited 1 branch of the dungeon, and saw 6 of its levels.

You collected 253 gold pieces.

Inventory:

Hand Weapons
 a - a +2 dagger of protection (weapon)
 s - a +0 trident of venom
Missiles
 e - 2 poisoned darts
 i - 36 stones
 z - 2 boomerangs
Armour
 m - a +0 pair of gloves (worn)
 o - a +0 leather armour (worn)
 B - a +0 chain mail
 D - a +0 helmet (worn)
 F - a +0 scale mail
Wands
 u - a wand of flame (31)
Scrolls
 f - 2 scrolls of silence {unknown}
 h - 2 scrolls of enchant weapon {unknown}
 j - 3 scrolls of fear {unknown}
 l - 3 scrolls of poison {unknown}
 n - 5 scrolls of identify {unknown}
 p - a scroll of blinking {unknown}
 q - 3 scrolls of torment {unknown}
 t - 3 scrolls of enchant armour {unknown}
 w - 2 scrolls of noise {unknown}
 y - a scroll of immolation {unknown}
 A - a scroll of fog {unknown}
 E - a scroll of amnesia {unknown}
Potions
 b - a potion of invisibility {unknown}
 c - 3 potions of berserk rage {unknown}
 d - 3 potions of lignification {unknown}
 g - 2 potions of mutation {unknown}
 k - a potion of cancellation {unknown}
 r - 2 potions of brilliance
 v - 4 potions of heal wounds {unknown}
 x - a potion of degeneration {unknown}
 C - a potion of might {unknown}
 G - a potion of curing {unknown}
 H - 2 potions of attraction {unknown}


   Skills:
 + Level 1.1 Fighting
 + Level 1.5 Short Blades
 + Level 3.9 Armour
 + Level 3.1 Dodging
 + Level 3.2 Stealth
 + Level 6.3 Spellcasting


You couldn't memorise any spells.
You knew the following spells:

 Your Spells              Type           Power      Damage    Failure   Level
a - Foxfire               Conj/Fire      100%       2x1d9     1%          1
b - Scorch                Fire           60%        2d8       1%          2
c - Conjure Flame         Conj/Fire      30%        6-21      3%          3
d - Inner Flame           Hex/Fire       30%        N/A       3%          3
e - Flame Wave            Conj/Fire      30%        2d8       12%         4
f - Shock                 Conj/Air       100%       1d9       1%          1
g - Ensorcelled Hibernat  Hex/Ice        60%        N/A       1%          2
h - Vampiric Draining     Necr           30%        2d8       3%          3
Your spell library was empty.

Dungeon Overview and Level Annotations

Branches:
Dungeon (6/15)
 Temple: D:4-7

Altars:
Nemelex Xobeh
Yredelemnul

Shops:
D:1 *

Annotations:
D:5 Duvessa


Innate Abilities, Weirdness & Mutations

You are immune to sickness and miasma.
You are immune to poison.
Your flesh is very heat resistant. (rF++)
You are vulnerable to cold. (rC-)
You float through the air rather than walking.
You learn spells naturally, not from books.
Your magical power is your life essence.
You have superior vitality. (+4 MHP)


Message History

Duvessa is heavily wounded.
The foxfire hits Duvessa but does no damage.
Duvessa is heavily wounded.
Duvessa closely misses you.
Casting: Scorch (safe; 1% risk of failure)
Confirm with . or Enter, or press ? or * to list all spells.
Flames lash Duvessa.
Duvessa is burned terribly!
Duvessa is heavily wounded.
Duvessa completely misses you. Duvessa barely misses you.
Unknown command.
Casting: Scorch (safe; 1% risk of failure)
Confirm with . or Enter, or press ? or * to list all spells.
You don't know that spell.
You are too injured to fight recklessly!
Casting: Foxfire (safe; 1% risk of failure)
Press: ? - help, Q - select action, (/) - cycle Dir - look around, f - activate You conjure some foxfire!
Duvessa hits you with a +0 short sword.
Casting: Foxfire (safe; 1% risk of failure)
Confirm with . or Enter, or press ? or * to list all spells.
Flames lash Duvessa.
Duvessa is burned terribly!
Duvessa is severely wounded.
The foxfire hits Duvessa but does no damage.
Duvessa is severely wounded.
The foxfire hits Duvessa.
Duvessa is severely wounded.
Duvessa barely misses you. Duvessa closely misses you.
Casting: Scorch (safe; 1% risk of failure)
Confirm with . or Enter, or press ? or * to list all spells.
Flames lash Duvessa but do no damage.
Duvessa hits you with a +0 short sword.
* * * LOW HITPOINT WARNING * * *
Unknown command.
You are too injured to fight recklessly!
Casting: Foxfire (safe; 1% risk of failure)
Press: ? - help, Q - select action, (/) - cycle Dir - look around, f - activate You conjure some foxfire!
* * * LOW HITPOINT WARNING * * *
Duvessa hits you with a +0 short sword!!
You die...
Your body glows with a rainbow of weird colours and disappears.

###.# #.. ######
######### #######....
......... ..........###
##.####.# ............
.....#.# ....).....#
#.#.##.#
...$..v...#######.#.##.#
......v@................
.......e..#.#####......#
..........+.......######
..........#......)#
###########.......#
#.......## #.......<#
#......#.#
#......#.#####


You could see Duvessa (berserk, combustible, ally target).

Vanquished Creatures
  An ice beast (D:5)
  A black bear (D:4)
  A sky beast (D:4)
  2 ogres (D:5)
  A phantom (D:4)
  A scorpion (D:6)
  Dowan (D:5)
  2 jellies
  2 hounds
  3 iguanas
  Robin (D:4)
  7 adders
  An ufetubus (D:4)
  A worm (D:5)
  A dart slug (D:1)
  5 orcs
  5 ball pythons
  7 bats
  2 endoplasms
  5 giant cockroaches
  11 goblins
  5 hobgoblins
  4 jackals (D:1)
  5 quokkas
  2 frilled lizards
  2 kobolds
  7 rats
86 creatures vanquished.

Vanquished Creatures (collateral kills)
  The ghost of porpoise the Poker, an amateur DsGl (D:4)
  An orc wizard (D:4)
  A dart slug (D:4)
  An orc (D:4)
  3 goblins (D:4)
  A jackal (D:4)
  A quokka (D:4)
9 creatures vanquished.

Vanquished Creatures (others)
  192 foxfires
  2 plants (D:1)
194 creatures vanquished.

Grand Total: 289 creatures vanquished

Notes
Turn   | Place    | Note
-------+----------+-------------------------------------------
     0 | D:1      | snetch the Djinni Fire Elementalist began the quest for the
                  | Orb.
     0 | D:1      | snetch set off with the following spells memorised:
                  | Foxfire, Scorch, Conjure Flame, Inner Flame, Flame Wave.
     0 | D:1      | Reached XP level 1. HP: 15/15 MP: 0/0
   260 | D:2      | Reached XP level 2. HP: 15/21 MP: 0/0
   273 | D:2      | Reached skill level 3 in Spellcasting
   409 | D:1      | Found Viasiva's Assorted Antiques.
   476 | D:1      | Reached XP level 3. HP: 22/25 MP: 0/0
   476 | D:1      | Learned a level 1 spell: Shock
  1410 | D:2      | Found a faded altar of an unknown god.
  1413 | D:2      | Prayed at the altar of an unknown god.
  1413 | D:2      | Became a worshipper of Nemelex Xobeh the Trickster
  1413 | D:2      | Reached * piety under Nemelex Xobeh
  1525 | D:2      | Received a gift from Nemelex Xobeh
  1712 | D:2      | Reached XP level 4. HP: 24/31 MP: 0/0
  2478 | D:3      | Reached XP level 5. HP: 31/35 MP: 0/0
  2478 | D:3      | Learned a level 2 spell: Ensorcelled Hibernation
  2568 | D:3      | Reached ** piety under Nemelex Xobeh
  2832 | D:4      | Reached skill level 4 in Spellcasting
  2832 | D:4      | Received a gift from Nemelex Xobeh
  2832 | D:4      | Found a runed translucent gate.
  2884 | D:3      | Reached skill level 1 in Armour
  3041 | D:4      | Found a runed translucent gate.
  3041 | D:4      | Found a runed translucent gate.
  3041 | D:4      | Noticed porpoise's ghost (amateur DsGl)
  3079 | D:5      | Entered Level 5 of the Dungeon
  3107 | D:4      | Found a basalt altar of Yredelemnul.
  3173 | D:4      | Noticed a phantom
  3183 | D:4      | Killed a phantom
  3184 | D:4      | Reached skill level 1 in Short Blades
  3184 | D:4      | Reached XP level 6. HP: 27/41 MP: 0/0
  3189 | D:4      | Received a gift from Nemelex Xobeh
  3228 | D:4      | Noticed a black bear
  3234 | D:4      | Killed a black bear
  3235 | D:4      | Reached XP level 7. HP: 32/46 MP: 0/0
  3235 | D:4      | Learned a level 3 spell: Vampiric Draining
  3557 | D:4      | Reached skill level 1 in Fighting
  3663 | D:4      | Noticed Robin
  3664 | D:4      | Noticed an orange demon
  3667 | D:4      | Noticed an ice devil
  3667 | D:4      | an orange demon changed into an ice devil
  3677 | D:4      | Killed Robin
  3718 | D:4      | Killed porpoise's ghost
  3719 | D:4      | Reached skill level 5 in Spellcasting
  3719 | D:4      | Reached XP level 8. HP: 36/52 MP: 0/0
  4347 | D:5      | Reached skill level 6 in Spellcasting
  4388 | D:5      | Reached *** piety under Nemelex Xobeh
  4388 | D:5      | Received a gift from Nemelex Xobeh
  4652 | D:5      | Noticed Duvessa
  4654 | D:5      | Noticed Dowan
  4663 | D:5      | Killed Dowan
  4668 | D:5      | Mangled by Duvessa

Illustrated notes

Levels and vault maps discovered:
D:1:      co_arrival_square_in_a_square_in_a_square, layout_rooms, serial_bayou,
          serial_bayou_ford_a, serial_bayou_pond_e, serial_bayou_pond_e,
          serial_bayou_shore_b, serial_bayou_crossing, serial_shops, shop
D:2:      layout_basic, hellmonk_ecumenical_altar_heavens_door
D:3:      layout_loops_cross, serial_glass, glass_columns_b, glass_columns_c
D:4:      layout_gridville, lemuel_doored_altar, ebering_ghost_rock_garden,
          uniq_robin
D:5:      layout_basic, uniq_duvessa
D:6:      layout_layer_cave, mainiacjoe_overflow_alcove_2,
          minmay_joined_circles, uniq_eustachio

Skill      XL: |  1  2  3  4  5  6  7  8 |
---------------+-------------------------+-----
Spellcasting   | 3 4 5 6 |  6.3
Armour         | 1 2 3 |  3.9
Stealth        | 2 3 |  3.2
Short Blades   | 1 |  1.5
Dodging        | 3 |  3.1
Fighting       | 1 |  1.1

Action                   |  1- 3 |  4- 6 |  7- 9 || total
-------------------------+-------+-------+-------++-------
Melee: Dagger            |     7 |    21 |     3 ||    31
       Trident           |       |     5 |       ||     5
 Cast: Foxfire           |    42 |    52 |    21 ||   115
       Scorch            |     3 |     4 |    45 ||    52
       Vampiric Draining |       |       |     1 ||     1
Invok: Draw Destruction  |       |     5 |     2 ||     7
       Draw Summoning    |       |     1 |     3 ||     4
 Stab: Sleeping          |       |     1 |       ||     1
Armor: Leather armour    |     5 |    10 |     9 ||    24
       Robe              |     4 |       |       ||     4
Dodge: Dodged            |     9 |    21 |    23 ||    53

Table legend: (Time is in decaauts)
 A = Elapsed time spent in this place.
 B = Non-inter-level travel time spent in this place.
 C = Inter-level travel time spent in this place.
 D = Time resting spent in this place.
 E = Time spent auto-exploring this place.
 F = Levels seen in this place.
 G = Mean time per level.
                   A        B        C        D        E       F      G
               +--------+--------+--------+--------+--------+-----+--------+
         Total |   4674 |   4460 |    214 |      0 |   3398 |   6 |  779.0 |
       Dungeon |   4674 |   4460 |    214 |      0 |   3398 |   6 |  779.0 |
               +--------+--------+--------+--------+--------+-----+--------+

Top non-repeatable levels by time:
     D:1: 1097 daAuts
     D:2: 1055 daAuts
     D:4: 914 daAuts
     D:3: 822 daAuts
     D:5: 756 daAuts
     D:6: 28 daAuts
